 Dungeon Crawl Stone Soup version 0.28-a0-1524-ge72afd5fc6 (webtiles) character file.

Game seed: 10782764747407639610

5285 a3don the Stinger (level 10, 0/73 HPs)
             Began as a Demonspawn Venom Mage on Jan 18, 2022.
             Was a Priest of Vehumet.
             Succumbed to a green ugly thing's poison
             ... on level 9 of the Dungeon.
             The game lasted 00:43:35 (10480 turns).

a3don the Stinger (Demonspawn Venom Mage)          Turns: 10480, Time: 00:43:35

Health: 0/73       AC: 13    Str: 15    XL:     10   Next: 37%
Magic:  17/17      EV: 14    Int: 26    God:    Vehumet [***...]
Gold:   277        SH:  0    Dex: 14    Spells: 5/18 levels left

rFire   . . .      SeeInvis .   a - +0 war axe
rCold   . . .      Faith    .   (no shield)
rNeg    . . .      Spirit   +   D - +0 steam dragon scales
rPois   .          Reflect  .   (helmet unavailable)
rElec   .          Harm     .   H - +2 cloak
rCorr   .          Rampage  .   j - +2 pair of gloves
Will    .....                   (no boots)
Stlth   +++.......              u - amulet of guardian spirit
HPRegen 0.22/turn               f - +6 ring of intelligence
MPRegen 0.15/turn               o - +6 ring of strength

@: mighty, lethally poisoned (0 -> -3), on berserk cooldown, attractive, flying,
slowed, very slow
A: claws 2, hooves 2, horns 3, ignite blood 1, powered by pain 1, iridescent
scales 1, sense surroundings 1, devolution 1
a: Renounce Religion


You were on level 9 of the Dungeon.
You worshipped Vehumet.
Vehumet was most pleased with you.
You visited 1 branch of the dungeon, and saw 9 of its levels.

You collected 523 gold pieces.
You spent 246 gold pieces at shops.

Inventory:

Hand Weapons
 a - a +0 war axe (weapon)
 b - a +0 hunting sling of flaming
 c - a +0 spear
 d - a +1 dagger of venom
 l - a +4 battleaxe
 x - a +1 antimagic flail
 y - a +0 short sword
Missiles
 e - 140 stones
 k - 18 poisoned darts
 A - 11 boomerangs (quivered)
 B - 19 sling bullets
Armour
 j - a +2 pair of gloves (worn)
 D - +0 steam dragon scales (worn)
 H - a +2 cloak (worn)
Magical Staves
 G - a staff of air
Jewellery
 f - a +6 ring of intelligence (left hand)
 o - a +6 ring of strength (right hand)
 u - an amulet of guardian spirit (around neck)
Wands
 v - a wand of paralysis (13)
 z - a wand of polymorph (9)
 F - a wand of mindburst (11)
 K - a wand of acid (4)
Scrolls
 g - a scroll of vulnerability
 h - 4 scrolls of teleportation {unknown}
 p - 4 scrolls of blinking
 s - a scroll of enchant weapon {unknown}
 t - 7 scrolls of identify
 I - a scroll of torment {unknown}
Potions
 i - a potion of mutation
 m - a potion of degeneration
 n - 3 potions of brilliance


   Skills:
 + Level 4.7 Fighting
 * Level 3.6 Axes
 - Level 3.0 Slings
 + Level 4.9 Dodging
 - Level 5.0 Stealth
 + Level 4.9 Spellcasting
 + Level 3.3 Conjurations
 + Level 3.9 Summonings
 - Level 3.0 Transmutations
 + Level 3.7 Fire Magic
 + Level 1.2 Earth Magic
 * Level 7.4 Poison Magic


You had 5 spell levels left.
You knew the following spells:

 Your Spells              Type           Power      Damage    Failure   Level
a - Sting                 Tmut/Pois      100%       1d8       1%          1
b - Poisonous Vapours     Pois/Air       50%        N/A       1%          2
c - Olgreb's Toxic Radia  Pois           45%        N/A       1%          4
d - Scorch                Fire           50%        2d7       1%          2
e - Call Canine Familiar  Summ           27%        N/A       4%          3
f - Sandblast             Erth           26%        2d8       1%          1

Your spell library contained the following spells:

 Spells                   Type           Power      Damage    Failure   Level
 Conjure Flame            Conj/Fire      24%        6-21      1%          3
 Summon Small Mammal      Summ           100%       N/A       1%          1
 Static Discharge         Conj/Air       15%        N/A       1%          2
 Mephitic Cloud           Conj/Pois/Air  25%        N/A       1%          3
 Flame Wave               Conj/Fire      24%        2d6       5%          4
 Summon Guardian Golem    Hex/Summ       16%        N/A       11%         3
 Lightning Bolt           Conj/Air       7%         1d20      28%         5
 Summon Cactus Giant      Summ           13%        N/A       93%         6
 Dispersal                Tloc           3%         N/A       100%        6
 Disjunction              Tloc           3%         N/A       100%        8
 Maxwell's Capacitive Co  Air            3%         ∞         100%        8


Dungeon Overview and Level Annotations

Branches:
Dungeon (9/15)             Temple (0/1) D:6
   Lair: D:8-11         Orc: D:9-12

Altars:
Ashenzari
Cheibriados
Dithmenos
Elyvilon
Qazlal
Ru
Uskayaw
Vehumet
Xom
Zin

Shops:
D:2 *:[   D:5 (

Annotations:
D:4 2 runed translucent doors, ALWAYSlose's ghost, amateur DsBe
D:7 deep elf pyro
D:8 2 runed translucent doors


Innate Abilities, Weirdness & Mutations

You have very sharp fingernails.
You have hoof-like feet.
You have a pair of large horns on your head.
Your demonic aura sometimes causes spilled blood to erupt in flames.
You sometimes gain a little power by taking damage.
You are partially covered in iridescent scales. (AC +2)
You passively map a small area around you.
You have hidden genetic defects.


Message History

* * * LOW HITPOINT WARNING * * *
You feel very sick.
It was a potion of flight.
You feel very buoyant.
You fly up into the air.
* * * LOW HITPOINT WARNING * * *
You feel very sick.
As you read the scroll of identify, it crumbles to dust.
p - 4 scrolls of blinking
* * * LOW HITPOINT WARNING * * *
You feel very sick.
Okay, then.
As you read the scroll labelled YCEUZU DIEGHAM, it crumbles to dust.
You hear a loud clanging noise!
It was a scroll of noise.
* * * LOW HITPOINT WARNING * * *
You feel sick.
You hear an angry buzzing noise. x2
As you read the scroll labelled QUD PEOSUMIGO, it crumbles to dust.
It is a scroll of amnesia.
Really abort (and waste the scroll)?
Okay, then.
* * * LOW HITPOINT WARNING * * *
You feel very sick.
A red film seems to cover your vision as you go berserk!
You feel yourself moving faster!
You feel mighty!
* * * LOW HITPOINT WARNING * * *
You feel sick.
You feel a strong urge to attack something.
* * * LOW HITPOINT WARNING * * *
You feel sick.
* * * LOW HITPOINT WARNING * * *
You feel sick.
You feel your anger nearly subside.
* * * LOW HITPOINT WARNING * * *
You feel sick.
You are no longer berserk.
You are exhausted.
You feel yourself slow down.
You die...

#### ** #... * , #... ,*
#... * #... , ,, #... ,
######..#
...#################.......#
*
..(.(.†....@...............#
(.###...........#########..#
#...........# , #..#
#+#######...#, ,#..# , , ,,
, , #...# #..#
,,#...##+######..# , *
#..............# , ,
#........(.....# , , ,
..########..#


There were no monsters in sight!

Vanquished Creatures
  An ugly thing (D:9)
  Prince Ribbit (D:8)
  A wyvern (D:7)
  6 yaks (D:8)
  3 steam dragons
  A water moccasin (D:5)
  3 sky beasts
  A necrophage (D:5)
  An ogre (D:6)
  2 centaurs (D:6)
  2 phantoms
  5 bullfrogs
  A gnoll sergeant (D:9)
  4 scorpions
  4 killer bees (D:9)
  11 wights
  A centaur zombie (D:7)
  4 hounds
  A bullfrog zombie (D:4)
  A jelly (D:5)
  5 orc priests
  A bullfrog skeleton (D:6)
  Terence (D:2)
  An iguana (D:5)
  7 orc wizards
  A hound zombie (D:5)
  A hound skeleton (D:4)
  Robin (D:4)
  7 gnolls
  6 adders
  2 white imps
  2 worms (D:4)
  2 dart slugs
  39 orcs
  3 bats (D:1)
  7 endoplasms
  5 hobgoblins
  2 jackals (D:2)
  5 kobolds
  3 quokkas
  5 ball pythons
  8 frilled lizards
  17 goblins
  3 rats
188 creatures vanquished.

Vanquished Creatures (collateral kills)
  A troll (D:9)
  2 centaur zombies
  A gnoll (D:9)
  An orc (D:6)
5 creatures vanquished.

Vanquished Creatures (others)
  An orc (D:6)
  23 plants
24 creatures vanquished.

Grand Total: 217 creatures vanquished

Notes
Turn   | Place    | Note
-------+----------+-------------------------------------------
     0 | D:1      | a3don the Demonspawn Venom Mage began the quest for the
                  | Orb.
     0 | D:1      | Reached XP level 1. HP: 13/13 MP: 3/3
   143 | D:1      | Reached skill level 1 in Transmutations
   243 | D:1      | Discovered your monstrous ancestry.
   243 | D:1      | Gained mutation: You have a pair of small horns on your
                  | head. [demonic ancestry]
   243 | D:1      | Reached XP level 2. HP: 14/19 MP: 0/5
   300 | D:1      | Learned a level 2 spell: Poisonous Vapours
   714 | D:1      | You fall into a shaft and drop 1 floor!
   727 | D:2      | Found a stormy altar of Qazlal.
   791 | D:2      | Gained mutation: You have sharp fingernails. [demonic
                  | ancestry]
   791 | D:2      | Reached XP level 3. HP: 25/25 MP: 3/6
   912 | D:2      | Found Meteigud's General Store.
   919 | D:2      | Bought a scroll of identify for 26 gold pieces
  1297 | D:2      | Found Qytemyi's Book Boutique.
  1466 | D:2      | Reached skill level 1 in Fighting
  1474 | D:2      | Gained mutation: You have a pair of horns on your head.
                  | [demonic ancestry]
  1474 | D:2      | Reached XP level 4. HP: 29/32 MP: 3/7
  1754 | D:2      | Found Zorghog's Antique Armour Shoppe.
  1758 | D:2      | Noticed Terence
  1769 | D:2      | Killed Terence
  2152 | D:3      | Learned a level 4 spell: Olgreb's Toxic Radiance
  2233 | D:3      | Found a faded altar of an unknown god.
  2245 | D:3      | Gained mutation: You have large cloven feet. [demonic
                  | ancestry]
  2245 | D:3      | Reached XP level 5. HP: 22/37 MP: 1/8
  2410 | D:3      | Reached skill level 1 in Slings
  2664 | D:4      | HP: 1/37 [orc wizard/magic dart (7)]
  2679 | D:4      | Reached skill level 4 in Poison Magic
  2697 | D:4      | HP: 1/38 [hound (3)]
  2699 | D:4      | Gained mutation: You have a pair of large horns on your
                  | head. [demonic ancestry]
  2699 | D:4      | Reached XP level 6. HP: 1/44 MP: 4/10
  3241 | D:4      | Noticed Robin
  3393 | D:4      | Killed Robin
  3516 | D:4      | Found a radiant altar of Vehumet.
  3529 | D:4      | Became a worshipper of Vehumet
  3635 | D:4      | Found a large runed translucent door.
  3635 | D:4      | Found a large runed translucent door.
  3637 | D:4      | Noticed ALWAYSlose's ghost (amateur DsBe)
  3711 | D:4      | Learned a level 2 spell: Scorch
  4435 | D:2      | Bought a book of Callings for 220 gold pieces
  4519 | D:5      | Entered Level 5 of the Dungeon
  4612 | D:5      | Noticed a water moccasin
  4618 | D:5      | Killed a water moccasin
  4619 | D:5      | Gained mutation: You sometimes gain a little power by
                  | taking damage. [demonic ancestry]
  4619 | D:5      | Reached XP level 7. HP: 44/51 MP: 3/11
  4737 | D:5      | Reached * piety under Vehumet
  4737 | D:5      | Offered knowledge of Shock by Vehumet.
  4751 | D:5      | Learned a level 3 spell: Call Canine Familiar
  4943 | D:5      | Reached skill level 1 in Summonings
  4943 | D:5      | Reached skill level 1 in Fire Magic
  5081 | D:5      | Reached skill level 5 in Poison Magic
  5282 | D:5      | Gained mutation: Your demonic aura sometimes causes spilled
                  | blood to erupt in flames. [demonic ancestry]
  5282 | D:5      | Reached XP level 8. HP: 57/57 MP: 6/13
  5367 | D:5      | Found Pygun's Antique Weapon Emporium.
  6245 | D:6      | Reached ** piety under Vehumet
  6246 | D:6      | Reached skill level 1 in Conjurations
  6367 | D:6      | Found a broken altar of Ashenzari.
  6368 | D:6      | Found a shimmering altar of Xom.
  6370 | D:6      | Found a shadowy altar of Dithmenos.
  6370 | D:6      | Found a sacrificial altar of Ru.
  6459 | D:6      | Offered knowledge of Sandblast by Vehumet.
  6462 | D:6      | Learned a level 1 spell: Sandblast
  6734 | D:6      | Found a hide-covered altar of Uskayaw.
  6816 | D:6      | Found a staircase to the Ecumenical Temple.
  7418 | D:7      | Reached skill level 6 in Poison Magic
  7447 | D:7      | Gained mutation: You have hoof-like feet. [demonic
                  | ancestry]
  7447 | D:7      | Reached XP level 9. HP: 38/64 MP: 0/15
  7810 | D:7      | Found a snail-covered altar of Cheibriados.
  7918 | D:7      | Found a flagged portal.
  7928 | D:7      | Reached skill level 1 in Axes
  8006 | D:7      | Noticed a deep elf pyromancer
  8466 | D:8      | Reached skill level 5 in Stealth
  9132 | D:8      | Found a runed translucent door.
  9369 | D:8      | Noticed Prince Ribbit
  9384 | D:8      | Killed Prince Ribbit
  9398 | D:8      | Reached skill level 7 in Poison Magic
  9527 | D:8      | Offered knowledge of Conjure Flame by Vehumet.
  9543 | D:8      | Gained mutation: You have very sharp fingernails. [demonic
                  | ancestry]
  9543 | D:8      | Reached XP level 10. HP: 63/71 MP: 13/17
  9804 | D:8      | Found a runed translucent door.
  9913 | D:8      | Noticed a deep elf pyromancer
  9959 | D:9      | Reached *** piety under Vehumet
 10327 | D:9      | Reached skill level 1 in Earth Magic
 10457 | D:9      | Noticed a green ugly thing
 10468 | D:9      | Killed a green ugly thing
 10471 | D:9      | Gained mutation: You are partially covered in iridescent
                  | scales. (AC +2) [potion of mutation]
 10471 | D:9      | Gained mutation: You have hidden genetic defects. [potion
                  | of mutation]
 10471 | D:9      | Gained mutation: You passively map a small area around you.
                  | [potion of mutation]
 10475 | D:9      | HP: 3/73 [poisoned by a green ugly thing]
 10479 | D:9      | HP: 1/109 [poisoned by a green ugly thing]
 10480 | D:9      | Succumbed to a green ugly thing's poison

Illustrated notes

Levels and vault maps discovered:
D:1:      dpeg_arrival_round_a, layout_loops_ring, minmay_misc_feat_diagonals
D:2:      layout_loops_ring, basic_altar, serial_bayou, serial_bayou_lagoon_a,
          serial_bayou_pond_e, serial_bayou_pond_e, serial_bayou_pond_e,
          serial_shops, shop_coins, nicolae_shop_stone,
          nicolae_shop_overgrown_old_shop, minmay_pentomino_r2, uniq_terence
D:3:      layout_rooms, hellmonk_ecumenical_altar_zigzags
D:4:      layout_gridville, nicolae_vehumet_altar_sigil,
          ebering_ghost_disaster_area, kennysheep_pointless_box,
          item_on_display_a, uniq_robin
D:5:      layout_rooms, serial_shops, nicolae_lakefront_shop
D:6:      lemuel_ice_spiral_2, layout_basic, grunt_temple_overflow_open,
          temple_hall, hangedman_abyss_or_decor_slice
D:7:      layout_loops_ring, chequers_temple_overflow_statue_of_worship,
          mainiacjoe_overflow_24_doors, enter_bailey_5, abandoned_shop,
          nzn_random_ring, uniq_maggie
D:8:      cheibrodos_histonic, layout_loops_corners, uniq_maurice,
          uniq_prince_ribbit1
D:9:      layout_irregular_city, david_lair_shrubbed, serial_shops, shop

Skill      XL: |  1  2  3  4  5  6  7  8  9 10 |
---------------+-------------------------------+-----
Transmutations | 1 2 3 |  3.0
Stealth        | 2 3 4 5 |  5.0
Dodging        | 2 3 4 |  4.9
Fighting       | 1 2 3 4 |  4.7
Slings         | 1 2 3 |  3.0
Poison Magic   | 4 5 6 7 |  7.4
Spellcasting   | 3 4 |  4.9
Summonings     | 1 2 3 |  3.9
Fire Magic     | 1 2 3 |  3.7
Conjurations   | 1 2 3 |  3.3
Axes           | 2 3 |  3.6
Earth Magic    | 1 |  1.2

Action                   |  1- 3 |  4- 6 |  7- 9 | 10-12 || total
-------------------------+-------+-------+-------+-------++-------
Melee: Unarmed           |     4 |       |       |       ||     4
       Spear             |    10 |       |       |       ||    10
       Headbutt          |     3 |    10 |    34 |     7 ||    54
       Dagger            |     2 |       |       |       ||     2
       Short sword       |       |    37 |    72 |       ||   109
       Kick              |       |    14 |    44 |     8 ||    66
       Punch             |       |       |     3 |       ||     3
       War axe           |       |       |    50 |    22 ||    72
 Fire: Hunting sling     |    30 |    59 |    81 |     5 ||   175
Throw: Dart              |       |       |     1 |       ||     1
 Cast: Sting             |    28 |    22 |     5 |     1 ||    56
       Poisonous Vapours |     3 |    23 |    28 |       ||    54
       Olgreb's Toxic Ra |       |     4 |    12 |     4 ||    20
       Scorch            |       |     3 |    33 |     5 ||    41
       Call Canine Famil |       |       |    12 |     2 ||    14
  Use: Scroll            |     2 |     3 |       |     3 ||     8
       Potion            |       |     2 |       |     6 ||     8
Armor: Robe              |     7 |    30 |    62 |       ||    99
       Steam dragon scal |       |       |     8 |     9 ||    17
       Skin              |       |       |     2 |       ||     2
Dodge: Dodged            |    21 |    41 |   116 |    30 ||   208

Table legend: (Time is in decaauts)
 A = Elapsed time spent in this place.
 B = Non-inter-level travel time spent in this place.
 C = Inter-level travel time spent in this place.
 D = Time resting spent in this place.
 E = Time spent auto-exploring this place.
 F = Levels seen in this place.
 G = Mean time per level.
                   A        B        C        D        E       F      G
               +--------+--------+--------+--------+--------+-----+--------+
         Total |  10531 |  10169 |    362 |   2610 |   5938 |   9 | 1170.1 |
       Dungeon |  10531 |  10169 |    362 |   2610 |   5938 |   9 | 1170.1 |
               +--------+--------+--------+--------+--------+-----+--------+

Top non-repeatable levels by time:
     D:8: 2107 daAuts
     D:6: 1678 daAuts
     D:4: 1459 daAuts
     D:2: 1386 daAuts
     D:5: 1167 daAuts
     D:1: 997 daAuts
     D:7: 750 daAuts
     D:3: 699 daAuts
     D:9: 283 daAuts
